cohdb
Replays
Latest Replays
All Replays
Popular Replays
Top Player Replays
Match Explorer
How It Works
Community
CoH3 Stats
Reddit
Sign in to upload your games and track your stats! →
Sign in with Steam
Match 39208326
Unlisted
Match 39208326
Overview
Messages
Build Orders
End
Construct Infanterie Kompanie
Kettenkrad Recon Vehicle
MG 42 Machine Gun Team
MG 42 Machine Gun Team
Selects Breakthrough Battlegroup
Selects Assault Grenadiers
Sniper
Construct Panzergrenadier Kompanie
Sniper
MG 42 Bunker
Panzergrenadier Squad
Pak 40 Anti-tank Gun Team
Construct Panzer Kompanie
Selects Smoke Bombing Run
Selects Smoke Bombing Run
Selects Incendiary Bombing Run
Incendiary Bombing Run
Panzergrenadier Squad
Selects Rapid Production
MG 42 Machine Gun Team
Smoke Bombing Run
Smoke Bombing Run
Sturmpanzer IV Brummbär
Incendiary Bombing Run
Side Skirts
Smoke Bombing Run
Pioneer Squad
Smoke Bombing Run
Panzergrenadier Squad
Selects Blitzkrieg
Pioneer Squad
Pioneer Squad
Panzer IV Medium Tank
Panzergrenadier Squad
Pak 40 Anti-tank Gun Team
Panzer IV Medium Tank
Selects Tiger Heavy Tank
Incendiary Bombing Run
Ware0193
BANZAI
matjouz
Sarmynation
0
0
Comments
sign in to comment!
No comments posted yet!